 Dungeon Crawl Stone Soup version 0.31-a0-700-gf13585253f (webtiles) character file.

Game seed: 9927457211202591807

3458 qw the Skirmisher (level 10, 0/64 HPs)
             Began as a Gargoyle Hunter on Sept 7, 2023.
             Killed by divine providence
             ... invoked by Jeremiah
              (15 damage)
             ... on level 7 of the Dungeon.
             The game lasted 00:02:34 (5527 turns).

qw the Skirmisher (Gargoyle Hunter)                 Turns: 5527, Time: 00:02:35

Health: 0/64       AC: 23    Str: 16    XL:     10   Next: 6%
Magic:  10/10      EV: 17    Int: 12    God:
Gold:   723        SH:  0    Dex: 17    Spells: 9/9 levels left

rFire   + . .        c - +2 shortbow "Hiskitunt" {flame, Contam rF+ Int+3}
rCold   . . .        (shield currently unavailable)
rNeg    + . .        o - +7 ring mail "Geiwul" {Will+}
rPois   inf          (no helmet)
rElec   +            d - +1 cloak
rCorr   .            l - +0 pair of gloves
SInv    +            (no boots)
Will    +....        (no amulet)
Stlth   +            s - ring of see invisible
HPRegen 0.30/turn    b - +5 ring of evasion
MPRegen 0.12/turn

%: no passive effects
@: no status effects
A: sickness immunity, AC +7, negative energy resistance 1, electricity
resistance, torment resistance 1, petrification resistance
a: no special abilities


You were on level 7 of the Dungeon.
You visited 1 branch of the dungeon, and saw 7 of its levels.

You collected 828 gold pieces.
You spent 105 gold pieces at shops.


Innate Abilities, Weirdness & Mutations

You are immune to sickness and miasma.
Your stone body is resilient. (AC +7)
You are immune to poison.
You resist negative energy. (rN+)
You are resistant to electric shocks. (rElec)
You are resistant to unholy torment.
You are immune to petrification.


   Skills:
 - Level 8.0 Fighting
 + Level 11.9 Ranged Weapons
 - Level 3.0 Armour
 - Level 3.0 Dodging
 - Level 1.1 Stealth


You had 9 spell levels left.
You didn't know any spells.
Your spell library was empty.

Inventory:

Hand Weapons
 c - the +2 shortbow "Hiskitunt" (weapon) {flame, Contam rF+ Int+3}
   (You acquired it on level 4 of the Dungeon)

   Int+3:     It affects your intelligence (+3).
   rF+:       It protects you from fire.
   Contam:    It causes magical contamination when unequipped.
Armour
 d - a +1 cloak (worn)
 l - a +0 pair of gloves (worn)
 o - the +7 ring mail "Geiwul" (worn) {Will+}
   (You found it on level 6 of the Dungeon)

   Will+:     It increases your willpower.
Jewellery
 b - a +5 ring of evasion (right hand)
 s - a ring of see invisible (left hand)
Scrolls
 a - a scroll of identify
Potions
 e - a potion of haste
 f - 2 potions of mutation
 h - 4 potions of enlightenment
 j - a potion of curing {unknown}
 k - a potion of berserk rage {unknown}
 m - a potion of cancellation {unknown}
 n - a potion of might {unknown}
 p - a potion of heal wounds {unknown}
 q - a potion of degeneration {unknown}

Dungeon Overview and Level Annotations

Branches:
Dungeon (7/15)             Temple (0/1) D:7

Altars:
Dithmenos
Elyvilon
Fedhas
Kikubaaqudgha
Sif Muna
Xom
Zin
The Shining One

Shops:
D:2 [

Annotations:
D:7 Jeremiah, Joseph, Pikel


Message History

You shoot an arrow. The arrow hits the hornet!
The arrow burns the hornet.
The hornet is moderately wounded.
The hornet stings you but does no damage.
You shoot an arrow. The arrow barely misses the hornet.
The hornet misses you.
You shoot an arrow. The arrow hits the hornet!
The arrow burns the hornet.
The hornet is severely wounded.
The hornet stings you.
You shoot an arrow. The arrow misses the hornet.
The hornet stings you.
The hornet stings you but does no damage.
You shoot an arrow.
The arrow hits the hornet but does no damage.
The hornet is severely wounded.
The hornet stings you!
You shoot an arrow. The arrow hits the hornet!
The arrow burns the hornet.
You kill the hornet!
You start resting.
HP restored.
You see here a potion of lignification.
Jeremiah shouts!
Jeremiah cries, "Fearful master, protect me!"
Something smites you!
Jeremiah shouts, "O dreadful one, destroy my foe!"
Something smites you!
Jeremiah mumbles a slurred invocation.
Something smites you!
Jeremiah mumbles a slurred invocation.
Something smites you!
The butterfly disappears in a burst of colours!
5520 ||| UPGRADING to +5 ring of evasion.
b - a +5 ring of evasion (right hand)
The butterfly disappears in a burst of colours!
Jeremiah hops!
The butterfly disappears in a burst of colours!
Jeremiah hops!
Jeremiah throws their arms up pleadingly.
Something smites you!
You die...
Jeremiah asks, "What happened?
Did... did you die?"

..#
########...#..#.######.#
.# #...#.##.# #.# .#
#......#.# #.# ##
#...#..#.# #.#
#...#..#.######.#
##.##..#.##.....#
#.##..#.##.#####
#!##..#.##.#
#@##..#.##.#
#.....#....#
##...b###### ...b0#
b#b#.# ..bb # b. F.
b.b.b#


You could see Jeremiah.

Vanquished Creatures
  Maggie (D:6)
  A hornet (D:7)
  A wraith (D:7)
  Eustachio (D:4)
  Duvessa (D:6)
  A water moccasin (D:7)
  An ice beast (D:3)
  A black bear (D:6)
  3 ogres
  3 phantoms
  5 bullfrogs
  2 scorpions
  A gnoll sergeant (D:6)
  2 wights (D:7)
  Dowan (D:6)
  5 killer bees (D:6)
  2 howler monkeys
  2 hounds
  A jelly (D:7)
  A gnoll bouda (D:4)
  3 orc priests
  2 iguanas (D:6)
  5 orc wizards (D:7)
  2 sleepcaps
  14 gnolls
  5 adders
  3 shadow imps
  An ufetubus (D:6)
  2 worms (D:4)
  2 dart slugs
  10 orcs
  7 endoplasms
  3 giant cockroaches (D:3)
  4 goblins
  9 hobgoblins
  2 kobolds
  3 quokkas
  9 ball pythons
  6 bats
  5 frilled lizards
  A rat (D:2)
134 creatures vanquished.

Vanquished Creatures (others)
  5 dream sheep (D:5)
5 creatures vanquished.

Grand Total: 139 creatures vanquished

Notes
Turn   | Place    | Note
-------+----------+-------------------------------------------
     0 | D:1      | qw the Gargoyle Hunter began the quest for the Orb.
     0 | D:1      | Reached XP level 1. HP: 12/12 MP: 1/1
     0 | D:1      | 0 ||| qw: Version: 0.3-a-76-g4403597
     0 | D:1      | 0 ||| qw: Game counter: 673
     0 | D:1      | 0 ||| qw: Melee chars always use a shield: true
     0 | D:1      | 0 ||| qw: God list: Okawaru
     0 | D:1      | 0 ||| qw: Allow faded altars: false
     0 | D:1      | 0 ||| qw: Do Orc after clearing Dungeon:15 true
     0 | D:1      | 0 ||| qw: Do second Lair branch before Depths: true
     0 | D:1      | 0 ||| qw: Lair rune preference: random
     0 | D:1      | 0 ||| qw: Goals: Normal
     0 | D:1      | 0 ||| PLANNING D:1-11
    68 | D:1      | HP: 3/12 [ball python (2)]
    72 | D:1      | Reached XP level 2. HP: 6/17 MP: 2/2
   667 | D:1      | 667 ||| UPGRADING to +1 cloak.
   672 | D:1      | 672 ||| DROPPING ring of flight.
   673 | D:1      | 673 ||| READING 2 scrolls labelled MONAEL XIS JOQ.
   674 | D:1      | 674 ||| READING scroll labelled LIOQET XECRIE.
   675 | D:1      | 675 ||| READING scroll labelled EXZELE DUCLOUCH.
   679 | D:1      | 679 ||| DROPPING scroll of amnesia.
   680 | D:1      | 680 ||| DROPPING scroll of butterflies.
   858 | D:2      | Reached XP level 3. HP: 21/21 MP: 3/3
   866 | D:2      | Reached skill level 5 in Ranged Weapons
   989 | D:2      | Found Cutriec's Antique Armour Emporium.
   996 | D:2      | 996 ||| BUYING dyed leather armour (105 gold).
   996 | D:2      | Bought a dyed leather armour for 105 gold pieces
   996 | D:2      | 996 ||| SHOPLISTING polished ring mail (189 gold, have 1).
  1275 | D:2      | 1275 ||| UPGRADING to +1 leather armour of fire resistance.
  1285 | D:2      | 1285 ||| DROPPING +0 leather armour.
  1286 | D:2      | 1286 ||| READING scroll labelled EPPEXOZXUQ.
  1287 | D:2      | 1287 ||| READING 2 scrolls labelled MUESSO USUNK.
  1288 | D:2      | 1288 ||| READING scroll labelled VEARAZX JEUST.
  1289 | D:2      | 1289 ||| DROPPING scroll of summoning.
  1485 | D:3      | Noticed an ice beast
  1509 | D:3      | Killed an ice beast
  1510 | D:3      | Reached XP level 4. HP: 22/30 MP: 4/4
  1510 | D:3      | Reached XP level 5. HP: 25/34 MP: 5/5
  1741 | D:3      | Found a glowing silver altar of Zin.
  1936 | D:3      | Reached XP level 6. HP: 36/39 MP: 6/6
  2129 | D:3      | 2129 ||| READING scroll labelled AROBOYFEUB.
  2129 | D:3      | Identified a scroll of acquirement
  2129 | D:3      | 2129 ||| ACQUIRING 586 gold pieces
  2129 | D:3      | Acquired 586 gold pieces
  2131 | D:3      | 2131 ||| READING scroll labelled UMIRUS TUVVUCIUDD.
  2190 | D:4      | Reached skill level 6 in Ranged Weapons
  2198 | D:4      | 2198 ||| READING scroll of acquirement.
  2198 | D:4      | 2198 ||| ACQUIRING +2 shortbow "Hiskitunt" {flame, Contam
                  | rF+ Int+3}
  2198 | D:4      | Acquired the +2 shortbow "Hiskitunt" {flame, Contam rF+
                  | Int+3}
  2200 | D:4      | 2200 ||| SWAPPING to +2 shortbow "Hiskitunt" {flame, Contam
                  | rF+ Int+3}.
  2201 | D:4      | 2201 ||| DROPPING +0 shortbow.
  2263 | D:4      | Reached skill level 1 in Armour
  2267 | D:4      | HP: 9/39 [gnoll/+0 spear[a gnoll bouda] (5)]
  2268 | D:4      | 2268 ||| READING 2 scrolls of teleportation.
  2437 | D:4      | Found a white marble altar of Elyvilon.
  2772 | D:4      | Noticed Eustachio
  2780 | D:4      | 2780 ||| Stepping ~*~*~tactically~*~*~ (retreating).
  2781 | D:4      | 2781 ||| Stepping ~*~*~tactically~*~*~ (retreating).
  2782 | D:4      | 2782 ||| Stepping ~*~*~tactically~*~*~ (retreating).
  2787 | D:4      | Killed Eustachio
  2788 | D:4      | Reached skill level 7 in Ranged Weapons
  2788 | D:4      | Reached XP level 7. HP: 43/44 MP: 7/7
  2919 | D:4      | 2919 ||| UPGRADING to +0 pair of gloves.
  2924 | D:4      | 2924 ||| READING scroll labelled CIAFFO FUVAWAPP.
  2925 | D:4      | 2925 ||| DRINKING 2 green potions.
  2926 | D:4      | 2926 ||| DRINKING 2 black potions.
  2937 | D:4      | 2937 ||| DRINKING 2 pink potions.
  2938 | D:4      | 2938 ||| DROPPING potion of ambrosia.
  2955 | D:5      | Entered Level 5 of the Dungeon
  3045 | D:5      | Noticed a dream sheep
  3045 | D:5      | Noticed a dream sheep
  3045 | D:5      | Noticed a dream sheep
  3045 | D:5      | Noticed a dream sheep
  3045 | D:5      | Noticed a dream sheep
  3045 | D:5      | Found a shimmering altar of Xom.
  3046 | D:5      | Killed a dream sheep
  3046 | D:5      | Killed a dream sheep
  3046 | D:5      | Killed a dream sheep
  3046 | D:5      | Killed a dream sheep
  3046 | D:5      | Killed a dream sheep
  3047 | D:5      | Reached skill level 8 in Ranged Weapons
  3083 | D:5      | Found a shimmering blue altar of Sif Muna.
  3083 | D:5      | Found a glowing golden altar of the Shining One.
  3084 | D:5      | Found a shadowy altar of Dithmenos.
  3121 | D:5      | Reached XP level 8. HP: 44/50 MP: 8/8
  3121 | D:5      | 3121 ||| FLEEEEING.
  3122 | D:5      | 3122 ||| FLEEEEING.
  3123 | D:5      | 3123 ||| FLEEEEING.
  3426 | D:5      | 3426 ||| READING 2 scrolls labelled WONKEA XUSMID.
  3427 | D:5      | 3427 ||| DRINKING 3 sapphire potions.
  3428 | D:5      | 3428 ||| DROPPING 2 potions of brilliance.
  3429 | D:5      | 3429 ||| DROPPING scroll of vulnerability.
  3711 | D:6      | Reached skill level 9 in Ranged Weapons
  3783 | D:6      | 3783 ||| Stepping ~*~*~tactically~*~*~ (outnumbered).
  3785 | D:6      | 3785 ||| Stepping ~*~*~tactically~*~*~ (outnumbered).
  3801 | D:6      | 3801 ||| FLEEEEING.
  3802 | D:6      | 3802 ||| FLEEEEING.
  3906 | D:6      | Reached skill level 6 in Fighting
  3950 | D:6      | Noticed Duvessa
  3967 | D:6      | Killed Duvessa
  3967 | D:6      | Noticed Dowan
  3968 | D:6      | 3968 ||| FLEEEEING.
  4044 | D:6      | Found an ancient bone altar of Kikubaaqudgha.
  4045 | D:6      | 4045 ||| READING 3 scrolls of identify.
  4045 | D:6      | 4045 ||| IDENTIFYING golden potion
  4051 | D:6      | Killed Dowan
  4167 | D:6      | 4167 ||| Stepping ~*~*~tactically~*~*~ (outnumbered).
  4242 | D:6      | Reached skill level 10 in Ranged Weapons
  4347 | D:6      | Reached skill level 3 in Armour
  4347 | D:6      | Reached XP level 9. HP: 44/55 MP: 9/9
  4439 | D:6      | Identified the +7 ring mail "Geiwul" {Will+}
  4448 | D:6      | Found a blossoming altar of Fedhas.
  4479 | D:6      | 4479 ||| RETREATING.
  4493 | D:6      | Reached skill level 3 in Dodging
  4511 | D:6      | Noticed Maggie
  4512 | D:6      | 4512 ||| FLEEEEING.
  4513 | D:6      | 4513 ||| FLEEEEING.
  4539 | D:6      | Killed Maggie
  4924 | D:6      | 4924 ||| UPGRADING to +7 ring mail "Geiwul" {Will+}.
  4934 | D:6      | 4934 ||| DROPPING +1 leather armour of fire resistance.
  4935 | D:6      | 4935 ||| UPGRADING to ring of see invisible.
  4936 | D:6      | 4936 ||| DRINKING 3 fizzy black potions.
  4937 | D:6      | 4937 ||| READING 2 scrolls of identify.
  4937 | D:6      | 4937 ||| IDENTIFYING viscous pink potion
  4938 | D:6      | 4938 ||| DROPPING potion of lignification.
  4939 | D:6      | 4939 ||| DROPPING 2 potions of magic.
  4948 | D:7      | Noticed Joseph
  4950 | D:7      | 4950 ||| RETREATING.
  4952 | D:7      | 4952 ||| Stepping ~*~*~tactically~*~*~ (outnumbered).
  4954 | D:7      | 4954 ||| RETREATING.
  4973 | D:7      | HP: 12/59 [Joseph/+0 quarterstaff (9)]
  4974 | D:7      | 4974 ||| READING 2 scrolls of teleportation.
  4975 | D:7      | HP: 1/59 [Joseph/+0 quarterstaff (11)]
  4979 | D:7      | Found a staircase to the Ecumenical Temple.
  4979 | D:7      | Noticed Pikel
  4980 | D:7      | 4980 ||| PLANNING TEMPLE
  4980 | D:7      | 4980 ||| READING scroll of teleportation.
  4981 | D:7      | 4981 ||| Stepping ~*~*~tactically~*~*~ (retreating).
  4982 | D:7      | 4982 ||| Stepping ~*~*~tactically~*~*~ (retreating).
  4982 | D:7      | Noticed Jeremiah
  5177 | D:7      | Reached skill level 11 in Ranged Weapons
  5375 | D:7      | Reached XP level 10. HP: 60/64 MP: 10/10
  5516 | D:7      | HP: 12/64 [Jeremiah/divine providence (12)]
  5520 | D:7      | 5520 ||| UPGRADING to +5 ring of evasion.
  5527 | D:7      | Killed from afar by Jeremiah

Levels and vault maps discovered:
D:1:      wander_arrival_desolate, layout_basic
D:2:      layout_loops_ring, serial_shops, shop
D:3:      layout_basic, zin_scriptorium
D:4:      layout_basic, elyvilon_altar_1, uniq_eustachio
D:5:      layout_cave_pools, kb_xom_exploding_sheep,
          gammafunk_temple_overflow_claw
D:6:      layout_loops_corners, mainiacjoe_overflow_alcove_4,
          lemuel_coloured_pillars_altar, uniq_maggie, uniq_duvessa
D:7:      layout_basic, minmay_temple_entry_mist, minmay_joined_circles,
          uniq_joseph, uniq_jeremiah, uniq_pikel

Skill      XL: |  1  2  3  4  5  6  7  8  9 |
---------------+----------------------------+-----
Ranged Weapons | 5 7 8 10 11 | 11.9
Fighting       | 4 5 6 8 |  8.0
Armour         | 1 3 |  3.0
Dodging        | 2 3 |  3.0
Stealth        | |  1.1

Action                     |  1- 3 |  4- 6 |  7- 9 | 10-12 || total
---------------------------+-------+-------+-------+-------++-------
   Fire: Shortbow          |   125 |   133 |   368 |    10 ||   636
    Use: Scroll            |     6 |     4 |     6 |       ||    16
         Potion            |       |       |     5 |       ||     5
 Armour: Leather armour    |    39 |    57 |    77 |       ||   173
         Ring mail         |       |       |    48 |     5 ||    53
  Dodge: Dodged            |    44 |    59 |   115 |     1 ||   219

Table legend:
 A = Non-vault XP
 B = Vault XP
 C = Vault XP percentage of total XP
 D = Non-vault monster count
 E = Vault monster count
 F = Vault count percentage of total count
                 A         B        C        D         E       F
            +---------+---------+-------+---------+---------+-------
      Total |    3031 |    1910 |  38.7 |     121 |      14 |  10.4
            +---------+---------+-------+---------+---------+-------
        D:1 |      32 |       0 |   0.0 |      18 |       0 |   0.0
        D:2 |      32 |       0 |   0.0 |      13 |       0 |   0.0
        D:3 |     257 |       0 |   0.0 |      22 |       0 |   0.0
        D:4 |     273 |     197 |  41.9 |      18 |       1 |   5.3
        D:5 |     565 |       0 |   0.0 |       7 |       0 |   0.0
        D:6 |    1307 |     661 |  33.6 |      30 |       3 |   9.1
        D:7 |     565 |    1052 |  65.1 |      13 |      10 |  43.5
            +---------+---------+-------+---------+---------+-------
